 Dungeon Sprint DCSS version 0.26-a0-1040-gbe3abf3417 (webtiles) character file.

Game seed: 16542516203988989482

272252 mhtbhm the Conqueror (level 17, -6/191 HPs)
             Began as a Minotaur Gladiator on Dec 12, 2020.
             Was the Champion of Okawaru.
             Killed from afar by a quicksilver dragon (44 damage)
             ... with a bolt of dispelling energy
             ... in the Dungeon (Sprint IX: "|||||||||||||||||||||||||||||").
             The game lasted 00:28:58 (7652 turns).

mhtbhm the Conqueror (Minotaur Gladiator)           Turns: 7652, Time: 00:28:59

Health: -6/191     AC: 48    Str: 29    XL:     17   Next: 87%
Magic:  32/32      EV: 17    Int:  5    God:    Okawaru [******]
Gold:   60         SH:  0    Dex: 19    Spells: 16/16 levels left

rFire    + + .     SeeInvis .   D - +1 lajatang (elec)
rCold    + . .     Faith    .   (shield currently unavailable)
rNeg     . . .     Spirit   .   b - +12 gold dragon scales
rPois    +         Reflect  .   I - +0 hat of Gujiumaext {*Corrode rPois Str+2 Dex+2}
rElec    .         Harm     .   m - +1 cloak
rCorr    .         Rampage  .   o - +0 pair of gloves {Dex+3}
Will     +....     NoTele   +   B - +2 pair of boots {Stlth+}
Stlth    ..........             d - amulet of regeneration
HPRegen  0.81/turn              J - ring "Wesuxzut" {rPois Slay+3 Stlth+}
MPRegen  0.23/turn              M - ring "Optoteam" {rF+ Str+3 Slay+2}

@: no status effects
A: retaliatory headbutt, horns 2
}: 5/17 runes: decaying, serpentine, barnacled, silver, gossamer
a: Heroism, Finesse, Renounce Religion


You were in the Dungeon.
You worshipped Okawaru.
Okawaru was exalted by your worship.
You visited 1 branch You collected 1955 gold pieces.
You spent 1895 gold pieces at shops.

Inventory:

Hand Weapons
 a - the +0 lajatang "Imp's Death" {speed, Int+3}
   (Okawaru gifted it to you in the Dungeon)

   Attacks with this weapon are significantly faster.
   It affects your intelligence (+3).
 D - a +1 lajatang of electrocution (weapon)
Missiles
 i - 29 silver javelins (quivered)
 w - 5 curare-tipped darts
 y - 5 javelins
Armour
 b - +12 gold dragon scales (worn)
 m - a +1 cloak (worn)
 o - a +0 pair of gloves of dexterity (worn)
 B - a +2 pair of boots of stealth (worn)
 G - a +1 kite shield of protection
 I - the +0 hat of Gujiumaext (worn) {*Corrode rPois Str+2 Dex+2}
   (Okawaru gifted it to you in the Dungeon)

   It affects your strength (+2).
   It affects your dexterity (+2).
   It protects you from poison.
   It may corrode you when you take damage.
Jewellery
 d - an amulet of regeneration (around neck)
 t - a +4 ring of evasion
 E - an uncursed ring of protection from cold
 F - an uncursed ring of protection from fire
 J - the ring "Wesuxzut" (left hand) {rPois Slay+3 Stlth+}
   (You found it in the Dungeon)

   [ring of poison resistance]

   It affects your accuracy and damage with ranged weapons and melee attacks
   (+3).
   It protects you from poison.
   It makes you more stealthy.
 M - the ring "Optoteam" (right hand) {rF+ Str+3 Slay+2}
   (You found it in the Dungeon)

   [ring of protection from fire]

   It affects your strength (+3).
   It affects your accuracy and damage with ranged weapons and melee attacks
   (+2).
   It protects you from fire.
Wands
 c - a wand of disintegration (7)
Scrolls
 j - 6 scrolls of blinking
 k - 5 scrolls of remove curse
 l - 2 scrolls of amnesia
 n - 3 scrolls of fog
 u - 3 scrolls of fear
 v - 9 scrolls of identify
 x - 4 scrolls of immolation
Potions
 e - 6 potions of curing
 f - 18 potions of heal wounds
 g - 7 potions of haste
 h - 9 potions of magic
 q - 3 potions of berserk rage
 r - 4 potions of mutation
 s - 6 potions of might
 z - a potion of brilliance
Miscellaneous
 A - a condenser vane


   Skills:
 O Level 27 Fighting
 - Level 19.5 Staves
 O Level 27 Throwing
 O Level 27 Armour
 + Level 14.4 Dodging
 - Level 4.9 Stealth
 * Level 25.3 Invocations
 + Level 15.4 Evocations


You had 16 spell levels left.
You didn't know any spells.
Your spell library contained the following spells:

 Spells                   Type           Power        Failure   Level
 Beastly Appendage        Tmut           #.....       96%         1
 Wereblood                Tmut           #.......     99%         2
 Conjure Flame            Conj/Fire      #.......     100%        3
 Spider Form              Tmut/Pois      #.........   100%        3
 Ice Form                 Ice/Tmut       #.......     100%        4
 Blade Hands              Tmut           #.........   100%        5
 Iskenderun's Battlesphe  Conj           #.......     100%        5
 Conjure Ball Lightning   Conj/Air       #.........   100%        6
 Starburst                Conj/Fire      #.........   100%        6


Dungeon Overview and Level Annotations

Branches:
Dungeon (1/1)

Altars:
Cheibriados
Dithmenos
Elyvilon
Fedhas
Gozag
Hepliaklqana
Kikubaaqudgha
Makhleb
Nemelex Xobeh
Okawaru
Qazlal
Ru
Sif Muna
Trog
Uskayaw
Vehumet
Wu Jian
Xom
Yredelemnul
Zin
The Shining One
Beogh
Jiyva
Lugonu

Shops:
D ?[!*


Innate Abilities, Weirdness & Mutations

You reflexively headbutt those who attack you in melee.
You have a pair of horns on your head.


Message History

The silver javelin barely misses the quicksilver dragon.
The silver javelin pierces through the purple draconian monk!
The purple draconian monk is almost dead.
The silver javelin pierces through the moth of wrath!!
You kill the moth of wrath!
Okawaru accepts your kill.
The silver javelin pierces through the curse toe but does no damage.
The curse toe is lightly damaged.
The silver javelin pierces through the moth of wrath!!!
You kill the moth of wrath!
Okawaru accepts your kill.
The silver javelin pierces through the moth of wrath!!
You kill the moth of wrath!
Okawaru accepts your kill.
The silver javelin pierces through the moth of wrath!!!
You kill the moth of wrath!
Okawaru accepts your kill.
The quicksilver dragon breathes dispelling energy at you.
The bolt of dispelling energy hits you!!!
You die...

▓[▓.▓)▓.▓)▓.▓)▓.▓.
▓†▓.▓.▓.▓.▓.▓)▓.▓)
▓)▓.▓.▓.▓.▓.▓)▓.▓.
▓)▓.▓.▓.▓.▓.▓.▓.▓.
▓†▓.▓[▓.▓(▓.▓.▓.▓.
▓.▓.▓[▓.▓)▓.▓.▓.▓[
▓)▓.▓[▓.▓.▓.▓.▓.▓[
▓.▓.▓[▓.▓.▓.▓.▓.▓[
▓@▓.▓[▓.▓.▓.▓.▓.▓[
▓D▓.▓[▓.▓(▓.♣[♣.▓[
▓q▓.▓[▓.▓+▓.♣[♣.▓[
▓.▓.▓=▓.▓(▓.♣÷♣.▓.
▓z▓.▓.▓.▓[▓.♣.♣.▓.
▓.▓.▓.▓.▓(▓.♣.♣.▓.
▓†▓.▓.▓.▓[▓.♣÷♣.▓.
▓(▓)▓.▓.▓[▓.♣[♣.▓.
▓)▓.▓.▓[▓.♣.♣.▓.


You could see a purple draconian monk, a curse toe and a quicksilver dragon
(catching breath).

Vanquished Creatures
  An ancient lich (D)
  Mennas (D)
  Mara (D)
  Sojobo (D)
  Xtahua (D)
  2 golden dragons (D)
  A bone dragon (D)
  Jory (D)
  A tentacled monstrosity (D)
  2 liches (D)
  Ilsuiw (D)
  A sphinx (D)
  5 shadow dragons (D)
  A draconian monk (D)
  2 tengu reavers (D)
  7 nagarajas (D)
  3 vault wardens (D)
  A frost giant (D)
  A draconian scorcher (D)
  3 ghost moths (D)
  3 emperor scorpions (D)
  2 very ugly things (D)
  6 stone giants (D)
  3 green draconians (D)
  Azrael (D)
  2 black draconians (D)
  An ironheart preserver (D)
  A bunyip (D)
  A white draconian (D)
  A yellow draconian (D)
  3 purple draconians (D)
  2 entropy weavers (D)
  2 ettins (D)
  Snorg (D)
  An eleionoma (D)
  A merfolk javelineer (D)
  3 merfolk impalers (D)
  Harold (D)
  Erolcha (D)
  3 yaktaur captains (D)
  2 great orbs of eyes (D)
  3 fire dragons (D)
  9 hydras (D)
  A spriggan air mage (D)
  5 ice dragons (D)
  A rakshasa (D)
  25 vault guards (D)
  A boulder beetle (D)
  A centaur warrior (D)
  2 merfolk avatars (D)
  A ghost crab (D)
  6 merfolk aquamancers (D)
  2 tengu warriors (D)
  A deep troll shaman (D)
  An anaconda (D)
  5 orc high priests (D)
  3 ogre magi (D)
  A vampire mage (D)
  A naga sharpshooter (D)
  3 deep troll earth magi (D)
  Urug (D)
  A goliath frog (D)
  A deep troll (D)
  A sea snake (D)
  2 wizards (D)
  An unseen horror (D)
  8 swamp dragons (D)
  A naga ritualist (D)
  3 ironbrand convokers (D)
  A harpy (D)
  A deep elf archer (D)
  3 wolf spiders (D)
  5 orc knights (D)
  A shining eye (shapeshifter) (D)
  A necromancer (D)
  A wolf spider (shapeshifter) (D)
  2 ugly things (D)
  2 deep elf magi (D)
  3 manticores (D)
  A will-o-the-wisp (D)
  An elephant (D)
  7 moths of wrath (D)
  A moth of wrath (shapeshifter) (D)
  2 merfolk sirens (D)
  6 naga magi (D)
  3 black mambas (D)
  3 vault sentinels (D)
  2 cane toads (D)
  3 yaktaurs (D)
  An efreet (D)
  2 kobold demonologists (D)
  A komodo dragon (D)
  3 demonic crawlers (D)
  2 freezing wraiths (D)
  8 polar bears (D)
  5 jumping spiders (D)
  A wind drake (D)
  A merfolk (D)
  A troll (D)
  2 slime creatures (D)
  A hornet (shapeshifter) (D)
  A snapping turtle (D)
  A blink frog (D)
  2 redbacks (D)
  A basilisk (D)
  2 yaks (D)
  A wraith (D)
  3 fire elementals (D)
  A human (shapeshifter) (D)
  A tarantella (D)
  An acid dragon (D)
  5 nagas (D)
  3 hell hounds (D)
  A water moccasin (D)
  A black bear (shapeshifter) (D)
  11 orc warriors (D)
  4 sky beasts (D)
  A swamp drake (D)
  A black bear (D)
  2 ice beasts (D)
  2 centaurs (D)
  5 bullfrogs (D)
  A killer bee (D)
  2 hounds (D)
  11 orc priests (D)
  3 orc wizards (D)
  A worker ant (D)
  A white imp (D)
  7 orcs (D)
  A bat (D)
  A bat skeleton (D)
  A hobgoblin (D)
  A giant cockroach zombie (D)
  3 rats (D)
329 creatures vanquished.

Notes
Turn   | Place    | Note
-------+----------+-------------------------------------------
     0 | D        | mhtbhm the Minotaur Gladiator began the quest for the Orb.
     0 | D        | Reached XP level 1. HP: 18/18 MP: 0/0
    88 | D        | Noticed a hound
    88 | D        | Noticed an ice beast
    88 | D        | Noticed a centaur
    88 | D        | Noticed a worker ant
    91 | D        | Killed a hound
    92 | D        | Reached skill level 5 in Dodging
    92 | D        | Reached XP level 2. HP: 21/27 MP: 1/1
    92 | D        | Reached XP level 3. HP: 26/33 MP: 2/2
    97 | D        | Killed an ice beast
    98 | D        | Reached skill level 5 in Fighting
    98 | D        | Reached skill level 1 in Armour
    98 | D        | Reached XP level 4. HP: 42/42 MP: 3/3
   101 | D        | Killed a centaur
   102 | D        | Reached XP level 5. HP: 50/50 MP: 4/4
   104 | D        | Reached skill level 10 in Staves
   186 | D        | Found a roughly hewn altar of Beogh.
   186 | D        | Found a snail-covered altar of Cheibriados.
   186 | D        | Found a shadowy altar of Dithmenos.
   186 | D        | Found a white marble altar of Elyvilon.
   186 | D        | Found a blossoming altar of Fedhas.
   186 | D        | Found an opulent altar of Gozag.
   187 | D        | Found a hazy altar of Hepliaklqana.
   188 | D        | Found a viscous altar of Jiyva.
   189 | D        | Found an ancient bone altar of Kikubaaqudgha.
   190 | D        | Found a corrupted altar of Lugonu.
   191 | D        | Found a burning altar of Makhleb.
   192 | D        | Found a sparkling altar of Nemelex Xobeh.
   193 | D        | Found an iron altar of Okawaru.
   194 | D        | Found a stormy altar of Qazlal.
   195 | D        | Found a sacrificial altar of Ru.
   196 | D        | Found a shimmering blue altar of Sif Muna.
   197 | D        | Found a bloodstained altar of Trog.
   198 | D        | Found a hide-covered altar of Uskayaw.
   199 | D        | Found a radiant altar of Vehumet.
   200 | D        | Found an ornate altar of the Wu Jian Council.
   201 | D        | Became a worshipper of Warmaster Okawaru
   202 | D        | Found a shimmering altar of Xom.
   203 | D        | Found a basalt altar of Yredelemnul.
   204 | D        | Found a glowing silver altar of Zin.
   205 | D        | Found a glowing golden altar of the Shining One.
   270 | D        | Noticed a troll
   270 | D        | Noticed a sky beast
   272 | D        | Killed a sky beast
   273 | D        | Reached XP level 6. HP: 36/60 MP: 5/5
   276 | D        | Killed a troll
   276 | D        | Reached * piety under Okawaru
   277 | D        | Reached XP level 7. HP: 41/67 MP: 6/6
   518 | D        | Noticed a kobold demonologist
   518 | D        | Noticed a deep elf mage
   522 | D        | Killed a kobold demonologist
   522 | D        | Reached ** piety under Okawaru
   523 | D        | Reached skill level 10 in Dodging
   528 | D        | Killed a deep elf mage
   528 | D        | Reached *** piety under Okawaru
   529 | D        | Reached skill level 5 in Throwing
   529 | D        | Reached skill level 1 in Evocations
   529 | D        | Reached XP level 8. HP: 76/78 MP: 7/7
   537 | D        | Reached skill level 5 in Armour
   541 | D        | Reached skill level 15 in Staves
   691 | D        | Noticed a blink frog
   691 | D        | Noticed a komodo dragon
   691 | D        | Noticed a polar bear
   691 | D        | Noticed a five-headed hydra
   691 | D        | Noticed a cane toad
   698 | D        | Killed a komodo dragon
   698 | D        | Reached **** piety under Okawaru
   971 | D        | Killed a blink frog
   972 | D        | Reached skill level 10 in Fighting
   972 | D        | Noticed a cane toad
   983 | D        | Killed a polar bear
   983 | D        | Received a gift from Okawaru
   984 | D        | Reached XP level 9. HP: 49/86 MP: 8/8
   991 | D        | Killed a cane toad
   991 | D        | Received a gift from Okawaru
  1002 | D        | Killed a five-headed hydra
  1002 | D        | Reached ***** piety under Okawaru
  1002 | D        | Received a gift from Okawaru
  1003 | D        | Reached skill level 1 in Stealth
  1008 | D        | Killed a cane toad
  1008 | D        | Received a gift from Okawaru
  1184 | D        | Noticed a black mamba
  1184 | D        | Noticed a black mamba
  1185 | D        | Noticed an elephant
  1191 | D        | Killed a black mamba
  1192 | D        | Reached XP level 10. HP: 82/97 MP: 9/9
  1202 | D        | Killed a black mamba
  1205 | D        | Killed an elephant
  1397 | D        | Reached skill level 10 in Armour
  1648 | D        | Noticed an orc knight
  1648 | D        | Noticed an orc knight
  1657 | D        | Killed an orc knight
  1658 | D        | Reached XP level 11. HP: 83/108 MP: 10/10
  1658 | D        | Killed an orc knight
  1670 | D        | Noticed an orc knight
  1686 | D        | Killed an orc knight
  1917 | D        | Found Velaprou's Magic Scroll Emporium.
  1917 | D        | Noticed an orc high priest
  1917 | D        | Noticed an orc high priest
  1921 | D        | Noticed an orc high priest
  1928 | D        | Killed an orc high priest
  1936 | D        | Noticed a soul eater
  1937 | D        | Noticed a sun demon
  1941 | D        | Killed an orc high priest
  1941 | D        | Received a gift from Okawaru
  1956 | D        | Found Lotile's Antique Armour Shoppe.
  1959 | D        | Killed an orc high priest
  1959 | D        | Received a gift from Okawaru
  1960 | D        | Reached skill level 15 in Fighting
  1994 | D        | Found Riomipp's Distillery.
  1998 | D        | Found Deef's General Store.
  2002 | D        | Noticed an orc high priest
  2003 | D        | Noticed an orc high priest
  2014 | D        | Killed an orc high priest
  2018 | D        | Killed an orc high priest
  2075 | D        | Bought a scroll of enchant armour for 97 gold pieces
  2079 | D        | Bought a potion of heal wounds for 55 gold pieces
  2081 | D        | Bought a potion of heal wounds for 50 gold pieces
  2081 | D        | Bought a scroll of identify for 20 gold pieces
  2081 | D        | Bought a condenser vane for 400 gold pieces
  2081 | D        | Bought a potion of heal wounds for 50 gold pieces
  2091 | D        | Bought an encrusted plate armour for 756 gold pieces
  2096 | D        | Identified the +2 plate armour "Vyucwop" {+Blink Will+
                  | Dex+2 Slay+3} (You bought it in a shop in the Dungeon)
  2096 | D        | Bought a pair of runed boots for 202 gold pieces
  2109 | D        | Bought 2 scrolls of identify for 52 gold pieces
  2109 | D        | Bought a scroll of immolation for 45 gold pieces
  2109 | D        | Bought 2 scrolls of immolation for 91 gold pieces
  2117 | D        | Bought a potion of might for 44 gold pieces
  2117 | D        | Bought a potion of curing for 33 gold pieces
  2292 | D        | Noticed Urug
  2297 | D        | Noticed Harold
  2306 | D        | Killed Urug
  2306 | D        | Reached ****** piety under Okawaru
  2306 | D        | Received a gift from Okawaru
  2307 | D        | Reached skill level 10 in Throwing
  2317 | D        | Killed Harold
  2368 | D        | Noticed Erolcha
  2377 | D        | Killed Erolcha
  2377 | D        | Received a gift from Okawaru
  2386 | D        | Got warped steam dragon scales {god gift}
  2392 | D        | Identified the +0 steam dragon scales "Reklaoz" {Str+3}
                  | (Okawaru gifted it to you in the Dungeon)
  2480 | D        | Noticed a tengu warrior
  2480 | D        | Noticed a purple ugly thing
  2487 | D        | Killed a purple ugly thing
  2488 | D        | Killed a tengu warrior
  2489 | D        | Reached XP level 12. HP: 124/124 MP: 11/11
  2502 | D        | Noticed an ogre mage
  2506 | D        | Killed an ogre mage
  2507 | D        | Noticed an ettin
  2516 | D        | Noticed an ice dragon
  2522 | D        | Killed an ettin
  2532 | D        | Killed an ice dragon
  2543 | D        | Noticed a great orb of eyes
  2718 | D        | Noticed a stone giant
  2727 | D        | Killed a great orb of eyes
  2737 | D        | Killed a stone giant
  2743 | D        | Noticed a deep troll earth mage
  2750 | D        | Killed a deep troll earth mage
  2910 | D        | Noticed a seven-headed hydra
  2910 | D        | Noticed an eleionoma
  2910 | D        | Noticed a six-headed hydra
  2910 | D        | Noticed a bunyip
  2910 | D        | Noticed an eight-headed hydra
  2914 | D        | Killed a seven-headed hydra
  2915 | D        | Killed an eight-headed hydra
  2915 | D        | Received a gift from Okawaru
  2915 | D        | Killed a six-headed hydra
  2916 | D        | Reached skill level 15 in Armour
  2916 | D        | Reached skill level 5 in Evocations
  2916 | D        | Noticed a ghost crab
  2918 | D        | Killed a bunyip
  2918 | D        | Received a gift from Okawaru
  2920 | D        | Killed an eleionoma
  2920 | D        | Received a gift from Okawaru
  2920 | D        | Killed a ghost crab
  2920 | D        | Noticed a five-headed hydra
  2921 | D        | Reached skill level 15 in Throwing
  2925 | D        | Killed a five-headed hydra
  2926 | D        | Reached XP level 13. HP: 130/136 MP: 12/12
  3066 | D        | Received a gift from Okawaru
  3309 | D        | Got a faintly glowing great sword {god gift}
  3317 | D        | Identified the +7 great sword "Jeomiv" {vorpal, Int+4}
                  | (Okawaru gifted it to you in the Dungeon)
  3483 | D        | Noticed an entropy weaver
  3483 | D        | Noticed an entropy weaver
  3489 | D        | Killed an entropy weaver
  3489 | D        | Received a gift from Okawaru
  3492 | D        | Killed an entropy weaver
  3492 | D        | Received a gift from Okawaru
  3793 | D        | Noticed an ettin
  3793 | D        | Noticed a stone giant
  3793 | D        | Noticed a stone giant
  3795 | D        | Killed an ettin
  3796 | D        | Noticed a frost giant
  3811 | D        | Killed a frost giant
  3818 | D        | Killed a stone giant
  3818 | D        | Received a gift from Okawaru
  3820 | D        | Killed a stone giant
  3849 | D        | Noticed a stone giant
  3859 | D        | Killed a stone giant
  3860 | D        | Reached XP level 14. HP: 58/149 MP: 13/13
  3870 | D        | Received a gift from Okawaru
  4016 | D        | Got a faintly glowing quarterstaff {god gift}
  4017 | D        | Identified the +4 quarterstaff "Vihoc" {vorpal, rF++ Str-3
                  | Int-3 Dex+8} (Okawaru gifted it to you in the Dungeon)
  4048 | D        | Noticed an ironheart preserver
  4056 | D        | Killed an ironheart preserver
  4077 | D        | Received a gift from Okawaru
  4186 | D        | Got a bloodstained lajatang {god gift}
  4187 | D        | Identified the +0 lajatang "Imp's Death" {speed, Int+3}
                  | (Okawaru gifted it to you in the Dungeon)
  4407 | D        | Noticed Snorg
  4418 | D        | Killed Snorg
  4461 | D        | Noticed Mara
  4462 | D        | Noticed mhtbhm's illusion
  4477 | D        | Noticed a tengu reaver
  4494 | D        | Noticed mhtbhm's illusion
  4503 | D        | Killed a tengu reaver
  4504 | D        | Killed Mara
  4504 | D        | Received a gift from Okawaru
  4812 | D        | Noticed Sojobo
  4816 | D        | Noticed a tengu reaver
  4834 | D        | Killed Sojobo
  4834 | D        | Received a gift from Okawaru
  4836 | D        | Killed a tengu reaver
  4836 | D        | Received a gift from Okawaru
  5245 | D        | Noticed Azrael
  5251 | D        | Reached skill level 1 in Invocations
  5261 | D        | Killed Azrael
  5262 | D        | Reached XP level 15. HP: 157/162 MP: 13/15
  5303 | D        | Noticed a nagaraja
  5303 | D        | Noticed a nagaraja
  5303 | D        | Noticed a nagaraja
  5306 | D        | Noticed a nagaraja
  5307 | D        | Noticed a nagaraja
  5311 | D        | Killed a nagaraja
  5311 | D        | Killed a nagaraja
  5311 | D        | Received a gift from Okawaru
  5313 | D        | Killed a nagaraja
  5313 | D        | Received a gift from Okawaru
  5313 | D        | Killed a nagaraja
  5313 | D        | Killed a nagaraja
  5314 | D        | Reached skill level 5 in Invocations
  5314 | D        | Reached skill level 10 in Evocations
  5365 | D        | Noticed a nagaraja
  5368 | D        | Noticed a nagaraja
  5373 | D        | Killed a nagaraja
  5380 | D        | Killed a nagaraja
  5388 | D        | Got a serpentine rune of Zot
  5413 | D        | Noticed Ilsuiw
  5417 | D        | Received a gift from Okawaru
  5419 | D        | Killed Ilsuiw
  5467 | D        | Got a barnacled rune of Zot
  5528 | D        | Received a gift from Okawaru
  5540 | D        | Reached skill level 10 in Invocations
  5699 | D        | Got a decaying rune of Zot
  5728 | D        | Killed a ghost moth
  5729 | D        | Killed a ghost moth
  5887 | D        | Killed a ghost moth
  5888 | D        | Reached XP level 16. HP: 129/178 MP: 0/23
  6018 | D        | Got a gossamer rune of Zot
  6046 | D        | Noticed Jory
  6074 | D        | Killed Jory
  6074 | D        | Received a gift from Okawaru
  6238 | D        | Noticed Xtahua
  6242 | D        | Killed Xtahua
  6536 | D        | Noticed a lich
  6539 | D        | Killed a lich
  6540 | D        | Received a gift from Okawaru
  6568 | D        | Received a gift from Okawaru
  6569 | D        | Reached skill level 27 in Fighting
  6569 | D        | Reached skill level 27 in Throwing
  6581 | D        | Noticed a shadow dragon
  6585 | D        | Killed a shadow dragon
  6587 | D        | Noticed a shadow dragon
  6595 | D        | Received a gift from Okawaru
  6596 | D        | Reached skill level 15 in Invocations
  6600 | D        | Killed a shadow dragon
  6801 | D        | Got a fine hat {god gift}
  6812 | D        | Identified the +0 hat of Gujiumaext {*Corrode rPois Str+2
                  | Dex+2} (Okawaru gifted it to you in the Dungeon)
  6838 | D        | Noticed a shadow dragon
  6838 | D        | Noticed an ancient lich
  6838 | D        | Noticed a golden dragon
  6838 | D        | Noticed a shadow dragon
  6847 | D        | Paralysed by an ancient lich for 7 turns
  6849 | D        | Identified the +5 flail "Byosed" {holy, rN+}
  6852 | D        | Noticed a lich
  6858 | D        | Killed an ancient lich
  6859 | D        | Reached XP level 17. HP: 187/191 MP: 26/28
  6866 | D        | Killed a golden dragon
  6870 | D        | Killed a lich
  6871 | D        | Reached skill level 27 in Armour
  6885 | D        | Identified the Almanac of Combat Magic
  6889 | D        | Got a silver rune of Zot
  7054 | D        | Got the ring "Wesuxzut" {rPois Slay+3 Stlth+}
  7056 | D        | Got the ring "Duoppos" {*Slow rPois rF- Dex+10 Slay+2}
  7058 | D        | Got the ring of Ludu {*Corrode MP+9 Int+6 Slay+3}
  7060 | D        | Got the ring "Optoteam" {rF+ Str+3 Slay+2}
  7062 | D        | Found the +13 scythe of Curses {drain, *Curse}
  7062 | D        | Got the amulet of Joggess {Faith Stlth+}
  7184 | D        | Noticed Mennas
  7231 | D        | Killed Mennas
  7231 | D        | Received a gift from Okawaru
  7291 | D        | Noticed a tentacled monstrosity
  7300 | D        | Killed a tentacled monstrosity
  7536 | D        | Noticed a bone dragon
  7551 | D        | Received a gift from Okawaru
  7553 | D        | Killed a bone dragon
  7553 | D        | Received a gift from Okawaru
  7612 | D        | Noticed a golden dragon
  7619 | D        | Reached skill level 15 in Evocations
  7625 | D        | Killed a golden dragon
  7650 | D        | Noticed a quicksilver dragon
  7650 | D        | Noticed a curse toe
  7652 | D        | Killed from afar by a quicksilver dragon

Illustrated notes

Levels and vault maps discovered:
D:        linesprint [early_d, line_temple, items_1, d_10, items_2, lair_1,
          lair_end, items_3, orc_1, orc_end, items_4, d_15, swamp_1, shoals_1,
          snake_1, spider_1, d_20, vaults_1, items_5, swamp_end, shoals_end,
          snake_end, spider_end, vaults_end, d_27, items_6, zot_1, zot_end,
          crypt_end, forest_end, elf_end, slime_end, tomb_end, abyss_end,
          pan_hell_end]

Skill      XL: |  1  2  3  4  5  6  7  8  9 10 11 12 13 14 15 16 17 |
---------------+----------------------------------------------------+-----
Staves         | 6 8 9 11 12 14 16 17 19 | 19.5
Fighting       | 3 5 6 7 9 10 12 13 16 18 20 22 25 27 | 27.0
Dodging        | 5 6 7 8 9 10 11 12 13 14 | 14.4
Throwing       | 3 4 5 6 11 15 19 22 25 27 | 27.0
Armour         | 1 2 3 4 6 8 11 13 15 17 20 22 26 27 | 27.0
Evocations     | 1 2 3 4 5 7 9 11 12 15 | 15.4
Stealth        | 1 2 4 |  4.9
Invocations    | 2 11 17 25 | 25.3

Action                   |  1- 3 |  4- 6 |  7- 9 | 10-12 | 13-15 | 16-18 || total
-------------------------+-------+-------+-------+-------+-------+-------++-------
Melee: Quarterstaff      |    15 |     9 |    72 |   190 |    89 |       ||   375
       Headbutt          |     3 |     2 |    16 |    60 |    67 |    56 ||   204
       Lajatang          |       |       |       |       |   104 |   242 ||   346
Throw: Javelin           |       |       |       |    50 |   110 |    68 ||   228
       Throwing net      |       |       |       |     5 |     7 |       ||    12
       Dart              |       |       |       |       |     1 |       ||     1
Invok: Heroism           |       |       |       |       |     1 |     2 ||     3
       Finesse           |       |       |       |       |       |     2 ||     2
 Abil: Evoke Blink       |       |       |       |       |     1 |       ||     1
Evoke: Wand              |       |     2 |     3 |     2 |     3 |       ||    10
       Condenser vane    |       |       |       |     3 |    14 |     6 ||    23
  Use: Potion            |     1 |       |     1 |       |     4 |       ||     6
       Scroll            |       |       |       |       |     5 |    10 ||    15
 Stab: Invisible         |       |       |     1 |       |       |       ||     1
Armor: Leather armour    |     3 |     1 |       |       |       |       ||     4
       Chain mail        |       |     1 |    15 |       |       |       ||    16
       Scale mail        |       |       |     1 |    21 |       |       ||    22
       Plate armour      |       |       |       |    21 |    49 |       ||    70
       Gold dragon scale |       |       |       |       |    50 |   117 ||   167
Dodge: Dodged            |     6 |     6 |    31 |    87 |   143 |    84 ||   357

Table legend: (Time is in decaauts)
 A = Elapsed time spent in this place.
 B = Non-inter-level travel time spent in this place.
 C = Inter-level travel time spent in this place.
 D = Time resting spent in this place.
 E = Time spent auto-exploring this place.
 F = Levels seen in this place.
 G = Mean time per level.
                   A        B        C        D        E       F      G
               +--------+--------+--------+--------+--------+-----+--------+
         Total |   7253 |   7253 |      0 |   3448 |   1382 |   1 | 7253.0 |
       Dungeon |   7253 |   7253 |      0 |   3448 |   1382 |   1 | 7253.0 |
               +--------+--------+--------+--------+--------+-----+--------+

Top non-repeatable levels by time:
       D: 7253 daAuts
